AoeStats
← MooSkita

Black Forest

504842678Analyzed
3v3 RM · 26d ago on Sep 6, 2026· 67m 17s· 6 players
Game mode
Random Map
Map size
Normal (6 player)
Population
200
Speed
Normal
Resources
Standard
Victory
Conquest
Starting age
Dark Age
Ending age
Imperial Age
RankedLock teamsTeams togetherTeam positionsShared explorationLock speedFull tech treeHidden civsTurbo modeCheats
Victory
Defeat
🇦🇷 Byzantines · Argentina
714
+22
🇦🇷 Franks · Argentina
677
+18
🇦🇷 Britons · Argentina
675
+18
🇪🇸 Khmer · Spain
791
-39
🇺🇸 Japanese · United States
691
-16
670
-15
Krabby Step
2:36 Loom
4:49 Loom
11:46 Feudal Age
10:57 Loom
20:34 Castle Age
22:19 Forging
22:10 Scale Mail Armor
23:35 Iron Casting
23:55 Chain Mail Armor
24:06 Arson
28:30 Squires
43:55 Loom
☯︎ PΔTΔS DΞ STΞΞL ☯
1:40 Loom
16:19 Feudal Age
17:36 Wheelbarrow
16:43 Horse Collar
17:43 Double-Bit Axe
20:31 Gold Mining
24:52 Castle Age
22:46 Stone Mining
25:39 Forging
25:34 Scale Barding Armor
25:51 Hand Cart
26:15 Stone Shaft Mining
26:22 Bow Saw
29:00 Caravan
31:23 Iron Casting
31:09 Chain Barding Armor
31:26 Treadmill Crane
34:03 Husbandry
37:27 Imperial Age
35:53 Ballistics
35:28 Murder Holes
36:25 Bloodlines
37:39 Town Watch
39:08 Two-Man Saw
39:35 Paper Money
39:23 Chatras
39:54 Elite Battle Elephant
42:02 Chemistry
41:37 Siege Engineers
43:29 Fletching
43:41 Padded Archer Armor
43:41 Scale Mail Armor
44:16 Plate Barding Armor
43:46 Heavy Plow
MooSkita
5:34 Loom
11:27 Feudal Age
13:44 Double-Bit Axe
17:03 Castle Age
17:09 Fishing Lines
17:12 Horse Collar
17:26 Town Watch
18:00 Bow Saw
18:46 Heavy Plow
19:21 Gillnets
20:26 Stone Mining
22:35 Gold Mining
26:10 Town Patrol
26:49 Wheelbarrow
31:37 Imperial Age
30:14 Gold Shaft Mining
30:19 Stone Shaft Mining
31:23 Wheelbarrow
31:58 Caravan
33:03 Crop Rotation
32:38 Double Crossbow
33:55 Fletching
34:32 Masonry
34:18 Murder Holes
35:06 Ballistics
34:18 Elite Ballista Elephant
36:20 Hand Cart
36:34 Bodkin Arrow
36:46 Scale Barding Armor
37:16 Bloodlines
37:08 Husbandry
39:22 Masonry
39:31 Siege Engineers
39:45 Bracer
40:06 Chain Barding Armor
40:49 Conscription
44:11 Plate Barding Armor
43:00 Elite Battle Elephant
43:56 Forging
43:50 Tusk Swords
46:10 Coinage
47:40 Architecture
47:48 Iron Casting
60:06 Blast Furnace
59:09 Padded Archer Armor
Matrox983928
15:15 Feudal Age
13:30 Loom
19:30 Castle Age
20:40 Double-Bit Axe
20:57 Gold Mining
28:10 Crossbowman
32:43 Fletching
36:04 Thumb Ring
41:22 Horse Collar
44:21 Imperial Age
43:00 Wheelbarrow
44:36 Arbalester
47:41 Ballistics
49:25 Bodkin Arrow
49:32 Padded Archer Armor
52:49 Chemistry
60:35 Bracer
63:43 Pikeman
64:34 Halberdier
65:39 Leather Archer Armor
65:51 Forging
65:43 Scale Mail Armor
Marianef5340
10:47 Feudal Age
13:13 Loom
18:03 Castle Age
20:23 Double-Bit Axe
22:09 Stone Mining
22:11 Gold Mining
25:22 Husbandry
25:34 Forging
29:03 Iron Casting
29:05 Town Watch
29:58 Wheelbarrow
31:09 Scale Barding Armor
34:20 Imperial Age
32:22 Chain Barding Armor
33:19 #83
33:04 Scale Mail Armor
34:09 Chain Mail Armor
34:31 Caravan
34:21 Cavalier
36:31 Paladin
37:51 Hand Cart
39:34 Fortified Wall
39:22 Murder Holes
39:47 Town Patrol
41:08 Bow Saw
41:41 Elite Throwing Axeman
43:04 Conscription
43:12 Heavy Scorpion
45:32 Blast Furnace
45:59 Chemistry
48:33 Onager
50:14 Plate Barding Armor
65:46 Plate Mail Armor
Snoopy Comunista
12:00 Feudal Age
16:45 Padded Archer Armor
16:35 Fletching
22:58 Castle Age
27:06 Pikeman
28:59 Crossbowman
32:01 Ballistics
34:08 Treadmill Crane
36:36 Husbandry
42:20 Scale Barding Armor
42:18 Scale Mail Armor
42:29 Forging
42:41 Leather Archer Armor
45:23 Fortified Wall
48:49 Imperial Age
55:17 Ring Archer Armor
54:44 Bodkin Arrow
58:27 Halberdier
59:11 Squires
63:30 Elite Longbowman
63:50 Cavalier
Connection lost

Rejoining the realm…

Still unreachable

The connection could not be restored.

Session expired

The server has moved on; the page needs a fresh start.